 Dungeon Crawl Stone Soup version 0.17-a0-1210-g1e4f09d (webtiles) character file.

22 Kidiri the Firebug (level 2, 0/15 HPs)
             Began as a Gargoyle Fire Elementalist on June 4, 2015.
             Slain by an adder (3 damage)
             ... on level 2 of the Dungeon.
             The game lasted 00:05:31 (1131 turns).

Kidiri the Firebug (Gargoyle Fire Elementalist)     Turns: 1131, Time: 00:05:31

Health: 0/15       AC:  4    Str: 11    XL:     2   Next: 91%
Magic:  1/5        EV: 12    Int: 15    God:
Gold:   56         SH:  0    Dex: 10    Spells: 2 memorised, 2 levels left

rFire  . . .     SeeInvis .     i - +0 short sword
rCold  . . .     Clarity  .     a - +0 robe
rNeg   + . .     SustAt   .     (no shield)
rPois  ∞         Gourm    .     (no helmet)
rElec  +         Spirit   .     (no cloak)
rCorr  .         Warding  .     (no gloves)
rMut   .         Stasis   .     (no boots)
MR     .....                    (no amulet)
Stlth  ++........               (no ring)
                                (no ring)

@: very slightly contaminated, not resistant to hostile enchantments, unstealthy
A: negative energy resistance 1, electricity resistance, unbreathing,
petrification resistance, rot immunity, AC +2
a: no special abilities


You were on level 2 of the Dungeon.
You were not hungry.

You visited 1 branch of the dungeon, and saw 2 of its levels.

You collected 56 gold pieces.

Inventory:

Hand weapons
 i - a +0 short sword (weapon)
Armour
 a - a +0 robe (worn)
Jewellery
 l - an uncursed amulet of guardian spirit
Scrolls
 e - a scroll of teleportation {unknown}
 k - a scroll of remove curse {unknown}
Potions
 h - a potion of ambrosia {unknown}
 j - 2 potions of curing {unknown}
 m - a potion of might {unknown}
Books
 b - a book of Flames

   Spells                             Type                      Level
   a - Flame Tongue                   Conjuration/Fire             1
   b - Throw Flame                    Conjuration/Fire             2
   c - Conjure Flame                  Conjuration/Fire             3
   d - Inner Flame                    Hexes/Fire                   3
   e - Sticky Flame                   Conjuration/Fire             4
   f - Fireball                       Conjuration/Fire             5
Comestibles
 c - a bread ration
 d - 2 meat rations
 f - a chunk of flesh
 g - a beef jerky


   Skills:
 + Level 0.0 Fighting
 + Level 0.4 Armour
 + Level 1.8 Dodging
 * Level 2.5 Stealth
 * Level 2.2 Spellcasting
 * Level 1.3 Conjurations
 * Level 3.2 Fire Magic


You had 2 spell levels left.
You knew the following spells:

 Your Spells              Type           Power        Failure   Level  Hunger
a - Flame Tongue          Conj/Fire      #....        12%         1    #......
b - Throw Flame           Conj/Fire      #.....       14%         2    ###....


Dungeon Overview and Level Annotations

Branches:
Dungeon (2/15)

Altars:


Innate Abilities, Weirdness & Mutations

You are resistant to torment.
Your stone body is resilient (AC +2).
You are immune to poison.
You resist negative energy.
You are resistant to electric shocks.
You can survive without breathing.
You are immune to petrification.
You are immune to rotting.


Message History

The adder misses you. The adder closely misses you.
You miss the adder.
The adder is heavily wounded.
The adder barely misses you.
Casting: Flame Tongue
Confirm with . or Enter, or press ? or * to list all spells.
Aiming: Flame Tongue
Press: ? - help, Shift-Dir - straight line, f/p - adder
Aim: an adder (heavily wounded)
The flame tongue misses the adder.
The adder barely misses you. The adder bites you but does no damage.
Casting: Flame Tongue
Confirm with . or Enter, or press ? or * to list all spells.
Aiming: Flame Tongue
Press: ? - help, Shift-Dir - straight line, f/p - adder
Aim: an adder (heavily wounded)
The flame tongue hits the adder.
The adder is almost dead.
The adder bites you.
You die...

##. .# ##. ... ... ..#
#### ####. ...##..###
#...#s# .....
#.........#......#......
.................#......
........##..............
......†.##..............
.......@................
.......S................
......[.##.......#......
........##.......#......
.......####.....###.###.
#.....# ##...## #.....
.....#########..######.#
#####...................
#..........##.......


You could see an adder.

Vanquished Creatures
  A giant gecko (D:2)
  A ball python (D:1)
  5 bats
  A giant cockroach (D:1)
  3 goblins
  A hobgoblin (D:1)
  3 jackals (D:1)
  2 kobolds
  A giant newt (D:1)
  A rat (D:1)
19 creatures vanquished.

Notes
Turn   | Place    | Note
--------------------------------------------------------------
     0 | D:1      | Kidiri the Gargoyle Fire Elementalist began the quest for the Orb.
     0 | D:1      | Reached XP level 1. HP: 10/10 MP: 3/3
   291 | D:1      | Reached XP level 2. HP: 7/15 MP: 0/5
   295 | D:1      | Learned a level 2 spell: Throw Flame
  1131 | D:2      | Slain by an adder

Vault maps used:
D:1:      scummos_arrival_star, kennysheep_boxes

Action                   || total
-------------------------++-------
Melee: Club              ||    10
       Short sword       ||    18
 Cast: Flame Tongue      ||    28
       Throw Flame       ||     1
 Stab: Sleeping          ||     1
  Eat: Chunk             ||     1
